 Dungeon Crawl Stone Soup version 0.20-a0-40-gb6e7b4f (webtiles) character file.

73 KristoblXynda the Sneak (level 4, -2/36 HPs)
             Began as a Naga Fire Elementalist on Nov 11, 2016.
             Slain by Goblin1989's ghost (9 damage)
             ... on level 3 of the Dungeon.
             The game lasted 00:04:10 (2710 turns).

KristoblXynda the Sneak (Naga Fire Elementalist)    Turns: 2710, Time: 00:04:11

Health: -2/36      AC:  2    Str: 15    XL:     4   Next: 27%
Magic:  2/8        EV: 10    Int: 17    God:
Gold:   110        SH:  0    Dex: 11    Spells: 2 memorised, 4 levels left

rFire  . . .     SeeInvis +     j - -2 trident (curse)
rCold  . . .     Gourm    .     a - +0 robe
rNeg   . . .     Faith    .     (no shield)
rPois  +         Spirit   .     (no helmet)
rElec  .         Reflect  .     (no cloak)
rCorr  +         Harm     .     (no gloves)
MR     .....                    (no barding)
Stlth  +++.......               (no amulet)
                                (no ring)
                                e - ring of resist corrosion

@: mighty, flying, very slow
A: see invisible, deformed body, poison resistance, slowness 2, slow metabolism
1, spit poison 1, AC +1
a: Spit Poison


You were on level 3 of the Dungeon.
You were not hungry.

You visited 1 branch of the dungeon, and saw 3 of its levels.

You collected 110 gold pieces.

Inventory:

Hand Weapons
 j - a cursed -2 trident (weapon)
Armour
 a - a +0 robe (worn)
Jewellery
 e - a ring of resist corrosion (left hand)
Scrolls
 f - a scroll of enchant armour {unknown}
 l - a scroll of enchant weapon {unknown}
 m - a scroll of teleportation
 n - a scroll of identify {unknown}
Potions
 d - a potion of curing
 k - a potion of berserk rage {unknown}
Books
 b - a book of Flames

   Spells                             Type                      Level
   a - Flame Tongue                   Conjuration/Fire             1
   b - Throw Flame                    Conjuration/Fire             2
   c - Conjure Flame                  Conjuration/Fire             3
   d - Inner Flame                    Hexes/Fire                   3
   e - Sticky Flame                   Conjuration/Fire             4
   f - Fireball                       Conjuration/Fire             5
Comestibles
 c - 4 bread rations
 i - a beef jerky


   Skills:
 - Level 1.5 Dodging
 + Level 4.6 Stealth
 + Level 2.8 Spellcasting
 + Level 2.3 Conjurations
 - Level 3.0 Fire Magic


You had 4 spell levels left.
You knew the following spells:

 Your Spells              Type           Power        Failure   Level  Hunger
a - Flame Tongue          Conj/Fire      ##...        10%         1    #......
b - Conjure Flame         Conj/Fire      ##......     21%         3    ###....


Dungeon Overview and Level Annotations

Branches:
Dungeon (3/15)

Altars:
Hepliaklqana
Kikubaaqudgha

Annotations:
D:3 Goblin1989's ghost, weakling VSFi


Innate Abilities, Weirdness & Mutations

You cannot wear boots.
Your serpentine skin is tough. (AC +1)
You have supernaturally acute eyesight. (SInv)
Armour fits poorly on your strangely shaped body.
Your system is resistant to poisons. (rPois)
You cover ground very slowly.
You have a slow metabolism.
You can spit poison.


Message History

Goblin1989's ghost hits you!
Casting: Flame Tongue
Confirm with . or Enter, or press ? or * to list all spells.
Aiming: Flame Tongue
Press: ? - help, Shift-Dir - straight line, f/p - Goblin1989's ghost
Aim: Goblin1989's ghost (moderately damaged)
The flame tongue hits Goblin1989's ghost.
Goblin1989's ghost is severely damaged.
Goblin1989's ghost hits you.
* * * LOW HITPOINT WARNING * * *
Unknown command.
It was a potion of curing.
You feel better. Goblin1989's ghost hits you.
It was a potion of flight.
You feel very buoyant.
You fly up into the air.
Goblin1989's ghost hits you.
* * * LOW HITPOINT WARNING * * *
It was a potion of might.
You feel very mighty all of a sudden. Goblin1989's ghost hits you!
You die...

#......# #......#
#......# #......#
###......#
#.....<..########
.#.#..............
..........###########
.#....W@....# #.....#
########.#.###.###.#
#.#......#..#
#.#####..#.## #.#
#..#.# #.# ##.#.#
#.########.#
#..........#
############


You could see Goblin1989's ghost.

Vanquished Creatures
  3 adders (D:2)
  An ooze (D:2)
  2 worms (D:2)
  A dart slug (D:1)
  An orc (D:2)
  4 bats
  A giant cockroach (D:1)
  4 goblins
  3 hobgoblins
  4 jackals (D:2)
  2 kobolds (D:1)
  A ball python (D:1)
  2 frilled lizards (D:1)
  6 rats
35 creatures vanquished.

Notes
Turn   | Place    | Note
-------+----------+-------------------------------------------
     0 | D:1      | KristoblXynda the Naga Fire Elementalist began the quest for the Orb.
     0 | D:1      | Reached XP level 1. HP: 15/15 MP: 3/3
   216 | D:1      | Reached XP level 2. HP: 22/22 MP: 1/5
  1330 | D:2      | Reached XP level 3. HP: 20/28 MP: 0/6
  1439 | D:2      | Learned a level 3 spell: Conjure Flame
  1477 | D:2      | Reached skill level 4 in Stealth
  1747 | D:2      | Found an ancient bone altar of Kikubaaqudgha.
  2181 | D:2      | Reached XP level 4. HP: 32/36 MP: 3/8
  2609 | D:2      | Found a hazy altar of Hepliaklqana.
  2695 | D:3      | Noticed Goblin1989's ghost (weakling VSFi)
  2710 | D:3      | Slain by Goblin1989's ghost

Vault maps used:
D:1:      sevenhm_arrival_forest_fort_small_3
D:2:      kiku_gazebo_pond_becter, marbit_many_paths, first_bread
D:3:      ecumenical_altar_1

Skill      XL: |  1  2  3 |
---------------+----------+-----
Stealth        | 4 |  4.6
Conjurations   | 2 |  2.3
Dodging        | |  1.5
Spellcasting   | |  2.8
Fire Magic     | |  3.0

Action                   |  1- 3 |  4- 6 || total
-------------------------+-------+-------++-------
Melee: Unarmed           |    25 |       ||    25
       Trident           |     5 |     2 ||     7
 Cast: Flame Tongue      |    43 |    21 ||    64
 Abil: Spit Poison       |     4 |     2 ||     6
  Use: Scroll            |     2 |       ||     2
       Potion            |       |     3 ||     3
 Stab: Sleeping          |     2 |       ||     2
  Eat: Chunk             |     2 |     1 ||     3
       Beef jerky        |     1 |       ||     1
Armor: Robe              |     6 |     1 ||     7
Dodge: Dodged            |    44 |     4 ||    48
